[Event "*** Titled Tuesday 3|2 Blitz"]
[Site "Chess.com"]
[Date "2016.07.05"]
[Round "3"]
[White "Masterbeaterr"]
[Black "josiwales"]
[Result "0-1"]
[WhiteElo "2289"]
[BlackElo "2138"]
[TimeControl "180+2"]
[EndTime "11:31:17 PDT"]
[Termination "josiwales won by resignation"]

1. e4 c5 2. Nf3 d6 3. Nc3 g6 4. d4 cxd4 5. Qxd4 Nf6 6. e5 Nc6 7. Bb5 dxe5 8. Qxd8+ Kxd8 9. Bxc6 bxc6 10. Nxe5 Ke8 11.
Nxc6 Bb7 12. Nd4 Bxg2 13. Rg1 Bb7 14. Be3 Bg7 15. O-O-O Ne4 16. Ncb5 Rc8 17. Nxa7 Rc4 18. Nab5 f5 19. b3 Rc8 20. Ne6 Bc3 21. Nec7+ Kf7 22. Nxc3 Nxc3 23. Rde1 Rxc7 24. Bd4 Rhc8 25.
a4 Na2+ 26. Kb2 Rxc2+ 27. Ka3 Nc3 28. Re5 Rd2 29. Bc5 Rc7 30. Rge1 Kf6 31. Bxe7+ Rxe7 32. Rxe7 Ra2+ 33. Kb4 Nd5+ 34. Kc5 Nxe7 0-1

[Event "*** Titled Tuesday 3|2 Blitz"]
[Site "Chess.com"]
[Date "2016.07.05"]
[Round "3"]
[White "Matibar"]
[Black "E-Shaposhnikov"]
[Result "0-1"]
[WhiteElo "2593"]
[BlackElo "2646"]
[TimeControl "180+2"]
[EndTime "11:31:22 PDT"]
[Termination "E-Shaposhnikov won by resignation"]

1. g3 d5 2. Bg2 c6 3. d3 Bg4 4. h3 Bh5 5. f4 e6 6. Nf3 Nf6 7. O-O Nbd7 8. Qe1 Bc5+ 9. e3 Bxf3 10. Bxf3 e5 11. d4 exd4 12. exd4+ Be7 13. Nc3 O-O 14. a3 Re8 15. Qf2 Bd6 16. Qg2 Qb6 17. Rd1 Re7 18.
Na4 Qa5 19. b3 Rae8 20. Bd2 Qa6 21. Bb4 Bxb4 22. axb4 Qb5 23. c3 Re3 24. Rd2 b6 25. Raa2 Ne4 26. Be2 Nxd2 27. Bxb5 Nf3+ 28. Kf2 cxb5 29.
Qf1 bxa4 30. bxa4 Nf6 0-1

[Event "*** Titled Tuesday 3|2 Blitz"]
[Site "Chess.com"]
[Date "2016.07.05"]
[Round "3"]
[White "VerdeNotte"]
[Black "TyIerDurden"]
[Result "1-0"]
[WhiteElo "2627"]
[BlackElo "2424"]
[TimeControl "180+2"]
[EndTime "11:31:43 PDT"]
[Termination "VerdeNotte won by resignation"]

1. e4 e5 2. Nf3 d6 3. Nc3 Nf6 4. d4 Nbd7 5. g4 exd4 6. Nxd4 d5 7. exd5 Bb4 8. Qe2+ Qe7 9. Qxe7+ Kxe7 10. Bd2 Nb6 11. O-O-O Nfxd5 12. Nxd5+ Nxd5 13. Bg2 Bxd2+ 14. Rxd2 c6 15.
Re1+ Be6 16. Bxd5 cxd5 17. Rde2 Rad8 18. f4 Kd6 19. Nxe6 fxe6 20. Rxe6+ Kc7 21. Re7+ Rd7 22. f5 Rf8 23. R1e5 g6 24. Rxd7+ Kxd7 25.
Rxd5+ Ke7 26. Kd2 gxf5 27. Re5+ Kd6 28. Rxf5 Rxf5 29. gxf5 Ke5 30. Ke3 Kxf5 31. c4 h5 32. b4 h4 33. Kf3 Kg5 34. c5 Kf5 35. b5 Ke6 36. Kg4 h3 37. Kxh3 Kd5 38. Kg4 Kxc5 39. h4 Kd6 40. Kf5 Ke7 41. Ke5 a6 42. b6 Kd7 43. h5 Ke7 44. a3 Kd7 45. h6 a5 46.
h7 1-0

[Event "*** Titled Tuesday 3|2 Blitz"]
[Site "Chess.com"]
[Date "2016.07.05"]
[Round "3"]
[White "theprosecution1"]
[Black "TheLancer"]
[Result "1-0"]
[WhiteElo "2542"]
[BlackElo "2463"]
[TimeControl "180+2"]
[EndTime "11:31:43 PDT"]
[Termination "theprosecution1 won by resignation"]

1. d4 Nf6 2. Nf3 e6 3. e3 c5 4. Bd3 cxd4 5. exd4 Be7 6. O-O d6 7. c4 a6 8. Nc3 b6 9. Re1 Bb7 10. Ng5 O-O 11. Re3 Nc6 12. Rh3 g6 13. Be3 Re8 14.
Qf3 Rb8 15. Rxh7 Ne5 16. Qh3 Nxh7 17. Qxh7+ 1-0

[Event "*** Titled Tuesday 3|2 Blitz"]
[Site "Chess.com"]
[Date "2016.07.05"]
[Round "3"]
[White "Byniolus"]
[Black "Tonychess32"]
[Result "0-1"]
[WhiteElo "2572"]
[BlackElo "2415"]
[TimeControl "180+2"]
[EndTime "11:31:53 PDT"]
[Termination "Tonychess32 won by resignation"]

1. d4 Nf6 2. Bf4 e6 3. e3 d5 4. Nf3 c5 5. c3 Nc6 6. Nbd2 Bd6 7.
Bg3 O-O 8. Bd3 b6 9. Ne5 Bb7 10. f4 Ne7 11. Qb1 g6 12. Bh4 Nf5 13. Bxf6 Qxf6 14. Ke2 cxd4 15. cxd4 Qe7 16. g4 Ng7 17.
g5 Bxe5 18. dxe5 d4 19. e4 Nh5 20. Qf1 Qb4 21. Rb1 Rac8 22. Qf3 Qa5 23. a3 Ba6 24. Bxa6 Qxa6+ 25. Kf2 Rc2 26. Rhd1 Qb5 27. Kg1 Rfc8 28. Qf2 Rxb2 29. Qxd4 Rxb1 30. Rxb1 Qe2 31. Qf2 Qg4+ 32. Kh1 Nxf4 33. Rg1 Nh3 0-1

[Event "*** Titled Tuesday 3|2 Blitz"]
[Site "Chess.com"]
[Date "2016.07.05"]
[Round "3"]
[White "VSERGUEI"]
[Black "amaidel"]
[Result "1/2-1/2"]
[WhiteElo "2489"]
[BlackElo "2443"]
[TimeControl "180+2"]
[EndTime "11:32:10 PDT"]
[Termination "Game drawn by agreement"]

1. d4 f5 2. Nc3 Nf6 3. Bg5 d5 4.
Bxf6 exf6 5. e3 Be6 6. Qf3 c6 7. Bd3 Qd7 8. Nge2 Bd6 9. h3 h5 10. O-O-O Na6 11. Bxa6 bxa6 12. Na4 Rb8 13. Nc5 Bxc5 14.
dxc5 Qb7 15. b3 Qb4 16. Nd4 Bd7 17. Nxf5 g6 18. Nd6+ Ke7 19. e4 Qxc5 20. exd5 Qxd6 21. Rhe1+ Kf7 22. dxc6 Qxc6 23. Qe3 Rbe8 24. Qxa7 Rxe1 25. Rxe1 Rc8 26. Re2 Rc7 27. Qe3 Qc3 28. Qe7+ Kg8 29.
Qd8+ Kh7 30. Qe7+ Kh6 31. h4 Qa1+ 32. Kd2 Qd4+ 33. Kc1 Qa1+ 34. Kd2 Qd4+ 35. Kc1 1/2-1/2

[Event "*** Titled Tuesday 3|2 Blitz"]
[Site "Chess.com"]
[Date "2016.07.05"]
[Round "3"]
[White "wnstop"]
[Black "Fandorine"]
[Result "0-1"]
[WhiteElo "2361"]
[BlackElo "2624"]
[TimeControl "180+2"]
[EndTime "11:32:17 PDT"]
[Termination "Fandorine won by resignation"]

1. e4 c6 2. d4 d5 3. Nc3 dxe4 4. Nxe4 Bf5 5. Ng3 Bg6 6. Nh3 Nf6 7. Nf4 Nbd7 8. h4 e5 9. Nxg6 hxg6 10. dxe5 Qa5+ 11.
c3 Qxe5+ 12. Qe2 Bc5 13. Bf4 Qxe2+ 14. Bxe2 O-O-O 15. Nf1 Rde8 16. Ne3 Ne4 17. Bg4 f5 18. Be2 g5 19. Bh2 Nxf2 20. Kxf2 Bxe3+ 21. Kf1 Rxh4 22. g3 Rh6 23. Kg2 Bg1 24. Bd3 Bxh2 25. Rxh2 Rxh2+ 26. Kxh2 g6 27. Rd1 Re3 28. Kg2 Ne5 29. Bf1 Kc7 30.
Rd4 Re1 31. Rd2 g4 32. Re2 Rxe2+ 33. Bxe2 g5 34. Kf2 f4 35. Bf1 Kd6 36. Be2 Kd5 37.
Bf1 Ke4 38. Be2 Nd3+ 39. Kf1 Nxb2 40. Bxg4 fxg3 41. Kg2 Kf4 42. Bc8 b6 43. Bd7 c5 44.
Bb5 Nd1 45. c4 Ne3+ 46. Kg1 Ke5 0-1

[Event "*** Titled Tuesday 3|2 Blitz"]
[Site "Chess.com"]
[Date "2016.07.05"]
[Round "3"]
[White "BellJackson95"]
[Black "DiamondCrusher22"]
[Result "1-0"]
[WhiteElo "2195"]
[BlackElo "1852"]
[TimeControl "180+2"]
[EndTime "11:32:25 PDT"]
[Termination "BellJackson95 won by resignation"]

1. d4 d5 2. c4 c6 3. Nc3 Nf6 4. cxd5 cxd5 5. f3 e6 6. e4 dxe4 7.
fxe4 Nc6 8. Nf3 Bb4 9. Qd3 O-O 10.
Bg5 h6 11. Bh4 Be7 12. Be2 Nb4 13. Qb1 Ng4 14. Bxe7 Qxe7 15. a3 Nc6 16. h3 Ne3 17. Kf2 Nxd4 18. Nxd4 Qg5 19. Rg1 Rd8 20. Qc1 Qf4+ 21.
Nf3 Rd2 22. Qxd2 Ng4+ 23. hxg4 1-0

[Event "*** Titled Tuesday 3|2 Blitz"]
[Site "Chess.com"]
[Date "2016.07.05"]
[Round "3"]
[White "LyonBeast"]
[Black "GianmarcoVaR"]
[Result "1-0"]
[WhiteElo "2738"]
[BlackElo "2370"]
[TimeControl "180+2"]
[EndTime "11:32:28 PDT"]
[Termination "LyonBeast won by resignation"]

1. d4 Nf6 2. c4 e6 3. Nf3 b6 4. Bg5 Bb7 5. Nbd2 Be7 6. Qc2 c5 7. dxc5 bxc5 8. e4 d6 9. e5 dxe5 10. Nxe5 O-O 11. O-O-O h6 12. Bh4 Qa5 13. Kb1 g5 14.
Bg3 Na6 15. Nb3 Qa4 16. Nd4 Be4 17. Bd3 Qxc2+ 18. Nxc2 Bxg2 19. Rhg1 Bh3 20. f4 Rad8 21. fxg5 hxg5 22. Nc6 Rd7 23. Nxe7+ Rxe7 24. Bd6 Rfe8 25. Rxg5+ Kf8 26. Be5 Ng4 27. Bg7+ Kg8 28. Bh6+ Kh8 29. Rh5 Nxh6 30. Rxh6+ Kg7 31. Rh7+ Kf6 32. Rxh3 Rd7 33. Rf1+ Ke7 34. Rxf7+ Kxf7 35. Rh7+ 1-0

[Event "*** Titled Tuesday 3|2 Blitz"]
[Site "Chess.com"]
[Date "2016.07.05"]
[Round "3"]
[White "Ginger_GM"]
[Black "FairChess_on_YouTube"]
[Result "0-1"]
[WhiteElo "2511"]
[BlackElo "2729"]
[TimeControl "180+2"]
[EndTime "11:32:29 PDT"]
[Termination "FairChess_on_YouTube won by resignation"]

1. d4 d5 2. c4 c6 3. Nc3 Nf6 4. Nf3 a6 5. h4 b5 6. c5 Bf5 7.
Bf4 Nbd7 8. e3 e6 9. h5 h6 10. Be2 Be7 11. Ne5 Nxe5 12. Bxe5 O-O 13. g4 Bh7 14. Bg3 b4 15. Na4 Ne4 16. Rg1 Bh4 17.
Nb6 Ra7 18. Bd3 Bxg3 19. fxg3 Qg5 20. Qe2 e5 21. O-O-O Re8 22. Bxe4 Bxe4 23. Rgf1 Rae7 24. dxe5 Rxe5 25. Rf4 Bh7 26. Qxa6 Rxe3 27. Qb7 Re2 28. Qxf7+ Kh8 29. Nd7 R2e7 0-1

[Event "*** Titled Tuesday 3|2 Blitz"]
[Site "Chess.com"]
[Date "2016.07.05"]
[Round "3"]
[White "Gajuchess"]
[Black "HansCoolNiemann"]
[Result "1-0"]
[WhiteElo "2525"]
[BlackElo "2338"]
[TimeControl "180+2"]
[EndTime "11:32:41 PDT"]
[Termination "Gajuchess won by resignation"]

1. e4 g6 2. d4 Bg7 3. Nf3 c6 4.
Nc3 d5 5. h3 dxe4 6. Nxe4 Nd7 7. Bc4 Ngf6 8. Nxf6+ Bxf6 9. O-O Nb6 10. Bb3 O-O 11. c3 Bf5 12. Bh6 Re8 13. Re1 Rc8 14. Ne5 Nd5 15. Qf3 Bg7 16. Bxg7 Kxg7 17. g4 Be6 18.
Nd3 b6 19. Re2 Qd6 20. Rae1 Rf8 21. Re5 Rce8 22. Qe2 a5 23. Bxd5 Bxd5 24. b3 e6 25.
c4 Bxc4 26. bxc4 Qxd4 27. Re4 Qd6 28. Qb2+ f6 29. Rd4 Qc7 30. c5 b5 31. g5 e5 32.
Rd6 Qe7 33. gxf6+ Rxf6 34. Rxe5 1-0

[Event "*** Titled Tuesday 3|2 Blitz"]
[Site "Chess.com"]
[Date "2016.07.05"]
[Round "3"]
[White "salomez"]
[Black "YuriyKrykun"]
[Result "1-0"]
[WhiteElo "2126"]
[BlackElo "2305"]
[TimeControl "180+2"]
[EndTime "11:32:42 PDT"]
[Termination "salomez won by checkmate"]

1. e4 c5 2. Nf3 Nc6 3. d4 cxd4 4. Nxd4 e5 5. Nb5 a6 6. Nd6+ Bxd6 7. Qxd6 Qe7 8.
Qxe7+ Ngxe7 9. Nc3 d5 10. exd5 Nb4 11. Bd3 Nxd3+ 12. cxd3 Bf5 13. Ke2 O-O-O 14. Bg5 f6 15. Be3 Nxd5 16. Nxd5 Rxd5 17. Rac1+ Kb8 18. Rc3 Rhd8 19.
Rd1 e4 20. d4 Bg4+ 21. f3 exf3+ 22. gxf3 Bd7 23. Rdc1 Bc6 24. Rc5 R5d7 25. Rg1 Re8 26. Kf2 Rde7 27. Re1 g5 28. Rf5 Rf7 29. Bxg5 Rxe1 30.
Bf4+ Kc8 31. Kxe1 Bxf3 32. Be5 Kd7 33. Rxf3 Ke6 34. Rxf6+ Rxf6 35. Bxf6 Kxf6 36. Ke2 Kf5 37. Ke3 h6 38. h3 b5 39. b4 h5 40. Kf3 Kg5 41. Ke4 Kh4 42. d5 Kxh3 43. d6 Kg2 44. d7 h4 45. d8=Q h3 46. Qg5+ Kf2 47. Qf5+ Kg3 48. Qf3+ Kh4 49. Kf4 h2 50. Qg4# 1-0

[Event "*** Titled Tuesday 3|2 Blitz"]
[Site "Chess.com"]
[Date "2016.07.05"]
[Round "3"]
[White "EltajSafarli"]
[Black "Izoria123"]
[Result "1-0"]
[WhiteElo "2736"]
[BlackElo "2588"]
[TimeControl "180+2"]
[EndTime "11:32:48 PDT"]
[Termination "EltajSafarli won by resignation"]

1. e4 c6 2. Ne2 d5 3. e5 c5 4. c3 Nc6 5. d4 cxd4 6. cxd4 Bf5 7. Ng3 Bg6 8. Nc3 e6 9. h4 h5 10. Bd3 Bxd3 11. Qxd3 Be7 12. Be3 a6 13. O-O-O g6 14. Nge2 Nh6 15. Bxh6 Rxh6 16. g3 Kf8 17. Kb1 Kg7 18.
Nf4 Rc8 19. Rc1 Qd7 20. Nce2 Rhh8 21. g4 hxg4 22. Qg3 Nb4 23. Nc3 Rc4 24. Qxg4 Rxd4 25. h5 Rxf4 26. Qxf4 Nd3 27. Qf3 Nxc1 28. hxg6 fxg6 29.
Rxc1 Rh5 30. Qg3 Qe8 31. Ne2 Rf5 32. Nd4 Qf7 33. Nxf5+ Qxf5+ 34. Ka1 b6 35. Rc7 Kf8 36. a3 a5 37. Qe3 g5 38. Qxb6 Qxe5 39. Qb8+ 1-0

[Event "*** Titled Tuesday 3|2 Blitz"]
[Site "Chess.com"]
[Date "2016.07.05"]
[Round "3"]
[White "pedromartinez91"]
[Black "macko06"]
[Result "0-1"]
[WhiteElo "2278"]
[BlackElo "2216"]
[TimeControl "180+2"]
[EndTime "11:33:09 PDT"]
[Termination "macko06 won by checkmate"]

1. Nf3 Nf6 2. b3 g6 3. Bb2 Bg7 4. g4 O-O 5. g5 Nh5 6. Bxg7 Kxg7 7. e3 d5 8. Nc3 c5 9. d4 cxd4 10. Qxd4+ Kg8 11. O-O-O e6 12. Be2 Nc6 13. Qh4 Qa5 14. Kb2 Bd7 15. Nd4 Nxd4 16. Qxd4 Ng7 17. Bd3 Qb6 18.
h4 Qxd4 19. exd4 Nh5 20. Be2 Nf4 21. Bg4 f5 22. Bf3 Kg7 23. Ne2 Nxe2 24. Bxe2 f4 25. Bg4 Rae8 26. f3 Bc8 27. Rde1 Re7 28. Re5 Rfe8 29. Rhe1 Kf7 30. c4 dxc4 31. bxc4 Rc7 32.
Kb3 b6 33. R1e4 Ba6 34. Rxf4+ Kg7 35. d5 Rf8 36. Rxf8 Kxf8 37. Bxe6 Bxc4+ 38. Kb2 Ke7 39. f4 Kd6 40. h5 gxh5 41. Bg8 h4 42. Re6+ Kc5 43.
Rc6+ Rxc6 44. dxc6 Bxg8 45. c7 Be6 46. Kc2 h3 47.
Kd3 h2 48. Ke4 h1=Q+ 49. Ke5 Qd5+ 50. Kf6 Qf5+ 51. Ke7 Qf7+ 52. Kd8 Qd7# 0-1

[Event "*** Titled Tuesday 3|2 Blitz"]
[Site "Chess.com"]
[Date "2016.07.05"]
[Round "3"]
[White "Boryboy"]
[Black "underdogchss"]
[Result "1-0"]
[WhiteElo "2530"]
[BlackElo "2342"]
[TimeControl "180+2"]
[EndTime "11:33:14 PDT"]
[Termination "Boryboy won by resignation"]

1. d4 Nf6 2. Nf3 e6 3. g3 b5 4. Bg2 Bb7 5. O-O c5 6. c3 h6 7.
a4 b4 8. cxb4 cxb4 9. a5 Na6 10.
Nbd2 Be7 11. Qa4 O-O 12. Ne1 Bxg2 13. Nxg2 Qc7 14. Nb3 Qb7 15. Bd2 Rac8 16. Nf4 Ne4 17. Nd3 Ng5 18. Bxg5 hxg5 19. Rfc1 d6 20. Rxc8 Rxc8 21.
Rc1 Rxc1+ 22. Nbxc1 g6 23. Qe8+ Kg7 24. Nb3 Bf6 25.
Nd2 Bxd4 26. Nc4 Qd5 27. b3 Nc5 28. Nxc5 Qxc5 29. e3 Bf6 30. Qd7 Be5 31. a6 g4 32.
Qb7 Qd5 33. Qxd5 exd5 34. Na5 d4 35. Nc6 d3 36. Kf1 Bc3 37. Nxa7 1-0

[Event "*** Titled Tuesday 3|2 Blitz"]
[Site "Chess.com"]
[Date "2016.07.05"]
[Round "3"]
[White "daro94"]
[Black "AvitalBor"]
[Result "1-0"]
[WhiteElo "2639"]
[BlackElo "2477"]
[TimeControl "180+2"]
[EndTime "11:33:18 PDT"]
[Termination "daro94 won by resignation"]

1. d4 Nf6 2. c4 e6 3. Nf3 d5 4. e3 Be7 5. b3 Nbd7 6. Bb2 b6 7.
cxd5 exd5 8. Nc3 Bb7 9. g3 O-O 10. Bg2 Ne4 11. O-O f5 12. Qc2 Bf6 13. Rac1 c6 14.
Ne2 Qe7 15. Nf4 g5 16. Nd3 Rac8 17. Nfe5 Ba6 18. Rfd1 Bxd3 19. Nxd3 h5 20. a4 h4 21. b4 Qh7 22. b5 c5 23. dxc5 Ndxc5 24. Bxf6 Rxf6 25.
Nb4 hxg3 26. hxg3 Qh5 27. Nxd5 Rh6 28. Ne7+ Kf8 29. Nxc8 1-0

[Event "*** Titled Tuesday 3|2 Blitz"]
[Site "Chess.com"]
[Date "2016.07.05"]
[Round "3"]
[White "FearlessKing64"]
[Black "hermionegrangermagic"]
[Result "1-0"]
[WhiteElo "2119"]
[BlackElo "2252"]
[TimeControl "180+2"]
[EndTime "11:33:24 PDT"]
[Termination "FearlessKing64 won on time"]

1. e4 c5 2. Nf3 Nc6 3. d4 cxd4 4. Nxd4 Nf6 5. Nc3 d6 6. Bg5 e6 7. Qd2 a6 8. f3 h6 9. Be3 Nxd4 10. Bxd4 b5 11.
a3 Rb8 12. Be2 b4 13. axb4 Rxb4 14. b3 d5 15. e5 Nd7 16. f4 a5 17. Na4 Be7 18. O-O O-O 19. Kh1 f6 20. Bg4 Nb8 21.
Bc3 fxe5 22. Bxb4 Bxb4 23. c3 Bd6 24. fxe5 1-0

[Event "*** Titled Tuesday 3|2 Blitz"]
[Site "Chess.com"]
[Date "2016.07.05"]
[Round "3"]
[White "ZEN-22"]
[Black "Blitzstream"]
[Result "0-1"]
[WhiteElo "2329"]
[BlackElo "2511"]
[TimeControl "180+2"]
[EndTime "11:33:37 PDT"]
[Termination "Blitzstream won by resignation"]

1. e3 d5 2. Ne2 Bf5 3. c4 c6 4. Ng3 Bg6 5. Nc3 e6 6. d4 Nf6 7.
f3 Bd6 8. e4 Bxg3+ 9. hxg3 dxe4 10. Bg5 exf3 11. gxf3 Nbd7 12. Qd2 Qa5 13. Bd3 Bxd3 14.
Bxf6 Nxf6 15. Qxd3 O-O-O 16. O-O-O Rd7 17. a3 Rhd8 18.
Qe3 Qa6 19. c5 Qc4 20. Rh4 Nd5 21. Qd3 Qxd3 22. Rxd3 Nxc3 23. bxc3 h6 24. Re3 Rd5 25. g4 Kc7 26. f4 R8d7 27. Kc2 b6 28. cxb6+ axb6 29.
Rh5 Rxh5 30. gxh5 Rd5 31. Rg3 Rxh5 32. Rxg7 Rf5 33. Rg4 b5 34. Kd3 Kb6 35. Ke4 c5 36.
Rg8 cxd4 37. cxd4 h5 38. Rb8+ Ka6 39. Ra8+ Kb7 40. Rh8 Kc6 41. Rc8+ Kd6 42. Rd8+ Ke7 43. Rh8 Kf6 44. Rh7 Kg6 45. Rh8 Kg7 46. Rc8 h4 47.
Rc3 Kg6 48. Rh3 Kh5 49. Rh1 Rf6 50. Kf3 Rg6 51. f5 exf5 52. Kf4 Rg4+ 53. Kxf5 Rxd4 54. Rb1 Rd5+ 55. Kf4 Kg6 56. Rg1+ Kf6 57. Rh1 Rh5 58.
Kg4 Kg6 59. Rc1 h3 60. Rh1 h2 61. Kg3 Kg5 62. Kg2 Kg4 63. Kf2 f5 64. Kg2 f4 65.
Kf2 f3 66. Ke3 Kg3 67. Kd3 Kg2 68. Kc3 Kxh1 0-1

[Event "*** Titled Tuesday 3|2 Blitz"]
[Site "Chess.com"]
[Date "2016.07.05"]
[Round "3"]
[White "Dlugy"]
[Black "FCChelsea14"]
[Result "1-0"]
[WhiteElo "2603"]
[BlackElo "2406"]
[TimeControl "180+2"]
[EndTime "11:33:38 PDT"]
[Termination "Dlugy won by resignation"]

1. d4 Nf6 2. Bf4 d5 3. e3 c5 4. dxc5 Qa5+ 5. Nc3 Qxc5 6. Nb5 Na6 7. c3 g6 8. Be5 Bg7 9. Bd4 Qc6 10. Nxa7 Qe6 11.
Nxc8 Qxc8 12. Bb5+ Kf8 13. Nf3 Nc5 14. Bxf6 Bxf6 15.
Qxd5 Kg7 16. O-O Rd8 17. Qc4 Qf5 18. Nd4 Qh5 19. Qe2 Qh4 20. Rfd1 Ne4 21. Bd3 Nc5 22.
Bc2 e5 23. Nf3 Qh5 24. Rxd8 Rxd8 25. Qc4 e4 26. Nd4 Be5 27. h3 Bb8 28. Rd1 Nd3 29.
Qb5 Rd5 30. Qxb7 Qe5 31. Bxd3 exd3 32. Rxd3 Rc5 33. Nf3 Qf5 34. e4 Qf4 35. g3 Qc1+ 36.
Kg2 Qc2 37. Rd7 Bc7 1-0

[Event "*** Titled Tuesday 3|2 Blitz"]
[Site "Chess.com"]
[Date "2016.07.05"]
[Round "3"]
[White "WanderingPuppet"]
[Black "Andrejkin"]
[Result "1-0"]
[WhiteElo "2300"]
[BlackElo "2159"]
[TimeControl "180+2"]
[EndTime "11:33:42 PDT"]
[Termination "WanderingPuppet won by resignation"]

1. e4 e5 2. Nf3 Nc6 3. Bb5 a6 4.
Ba4 Nf6 5. O-O Be7 6. Re1 b5 7. Bb3 d6 8. c3 O-O 9. h3 Na5 10. Bc2 c5 11. d4 cxd4 12. cxd4 Qc7 13. Bg5 h6 14. Bxf6 Bxf6 15. Nc3 Nc4 16. Nd5 Qb8 17.
b3 Nb6 18. Nxf6+ gxf6 19. Qd2 Kg7 20. Nh4 Bd7 21. Re3 Kh7 22. f4 d5 23. fxe5 fxe5 24.
dxe5 d4 25. Qxd4 Be6 26. Nf5 Rd8 27. Nd6 Nd7 28. Rd1 Qa7 29. Qxa7 Rxa7 30. Nf5 Bxf5 31.
exf5 Rc8 32. Bd3 Nc5 33. e6 Nxd3 34. Rdxd3 fxe6 35. fxe6 Re7 36. Rd6 Rc1+ 37. Kh2 a5 38. Ra6 Rc2 39. Rxa5 1-0

[Event "*** Titled Tuesday 3|2 Blitz"]
[Site "Chess.com"]
[Date "2016.07.05"]
[Round "3"]
[White "Christov91"]
[Black "platy3"]
[Result "0-1"]
[WhiteElo "2400"]
[BlackElo "2680"]
[TimeControl "180+2"]
[EndTime "11:33:45 PDT"]
[Termination "platy3 won by resignation"]

1. e4 c5 2. Nf3 e6 3. d4 cxd4 4. Nxd4 a6 5. Nc3 Qc7 6. Bd3 Nf6 7. O-O Be7 8. Re1 d6 9. a4 Nbd7 10. f4 b6 11. Be3 Bb7 12. Qe2 Nc5 13. Bf2 h5 14. h3 g6 15. Rac1 d5 16. exd5 Nxd5 17. Nxd5 Bxd5 18. c4 Bb7 19. Bb1 O-O-O 20. b4 Nxa4 21.
Nxe6 Qc6 22. Bd4 Qxe6 23. Bxh8 Bxb4 24. Qxe6+ fxe6 25. Bf6 Bxe1 26. Bxd8 Bd2 27. Rd1 Be3+ 28. Kf1 Nc3 29. Rd3 Nxb1 30. Rxe3 Kxd8 31. Rxe6 Nd2+ 32.
Kf2 Nxc4 33. Rxg6 a5 34. Ke2 a4 35. Kd3 b5 36. Kc3 a3 37. Kb3 Be4 38. Ra6 Bxg2 39. f5 Bxh3 40. f6 Ke8 41. Kb4 h4 42. Kxb5 Bf1 43.
Kc5 h3 0-1

[Event "*** Titled Tuesday 3|2 Blitz"]
[Site "Chess.com"]
[Date "2016.07.05"]
[Round "3"]
[White "ajkom197"]
[Black "Misha_Bilous"]
[Result "1-0"]
[WhiteElo "2243"]
[BlackElo "2255"]
[TimeControl "180+2"]
[EndTime "11:33:45 PDT"]
[Termination "ajkom197 won by resignation"]

1. d4 Nf6 2. Nf3 g6 3. c4 Bg7 4. Nc3 O-O 5. e4 d6 6. Be2 e5 7. O-O Nc6 8. d5 Ne7 9. Ne1 Nd7 10. Nd3 f5 11. f3 f4 12. Bd2 g5 13. Rc1 Nf6 14. h3 h5 15. Nf2 Rf7 16. c5 Bf8 17. cxd6 cxd6 18. a4 Ng6 19. b4 Nh4 20. Be1 Rg7 21.
a5 g4 22. fxg4 hxg4 23. hxg4 Bd7 24. Nb5 Rc8 25. Rxc8 Qxc8 26. Nxa7 Qe8 27. b5 Qg6 28. a6 bxa6 29. b6 Be8 30. Nc6 Nxe4 31. Nxe4 Qxe4 32. Bxh4 Bxc6 33. dxc6 Qxc6 34. Bf2 e4 35.
Qc1 Qxc1 36. Rxc1 e3 37. Be1 Rb7 38. Ba5 d5 39. Rc7 Rb8 40. Bxa6 d4 41. Kf1 Bd6 42. b7 Kf8 43. Bb4 Bxb4 44. Rc8+ Ke7 45. Rxb8 Bd6 46.
Rc8 1-0

[Event "*** Titled Tuesday 3|2 Blitz"]
[Site "Chess.com"]
[Date "2016.07.05"]
[Round "3"]
[White "saraswathii"]
[Black "FLchessplayer"]
[Result "1-0"]
[WhiteElo "2001"]
[BlackElo "2059"]
[TimeControl "180+2"]
[EndTime "11:33:48 PDT"]
[Termination "saraswathii won by resignation"]

1. e4 c5 2. Nf3 d6 3. d3 g6 4. g3 Bg7 5. Bg2 Nc6 6. O-O e5 7.
c3 Nge7 8. a3 Be6 9. b4 b6 10. b5 Nb8 11. c4 h6 12. a4 Nd7 13.
Bb2 O-O 14. a5 Kh7 15. Nbd2 Qc7 16. Nh4 f5 17. exf5 gxf5 18. Bxa8 Rxa8 19. f4 Rg8 20. fxe5 Nxe5 21. Qe2 bxa5 22. Ndf3 N7g6 23. Nxg6 Kxg6 24.
Nh4+ Kh7 25. Nxf5 Bxf5 26. Rxf5 Re8 27. Raf1 Kh8 28. Bxe5 Bxe5 29. Rf8+ Rxf8 30. Rxf8+ Kg7 31. Rf5 Qe7 32. Qg4+ Kh7 33. Kg2 a4 34. Qe4 Kg7 35. Rf2 Qc7 36. Qg4+ Kh7 37. Qe6 Kg7 38. Qe8 Qb7+ 39.
Kh3 Bf6 40. Qe6 Be5 41. Qe8 Bf6 42. Qc6 Qe7 43. Qa6 Qe6+ 44. Kg2 Qe3 45. Qxd6 Bd4 46.
Qd7+ Kg8 47. Qf7+ Kh8 48. Qf8+ Kh7 49. Rf7+ Kg6 50. Qg8+ Kh5 51. Rf5+ 1-0

[Event "*** Titled Tuesday 3|2 Blitz"]
[Site "Chess.com"]
[Date "2016.07.05"]
[Round "3"]
[White "Aguiar94"]
[Black "ChessNinja48"]
[Result "0-1"]
[WhiteElo "2475"]
[BlackElo "2327"]
[TimeControl "180+2"]
[EndTime "11:33:50 PDT"]
[Termination "ChessNinja48 won on time"]

1. e4 e5 2. Nf3 Nc6 3. d4 exd4 4. Nxd4 Nf6 5. Nxc6 bxc6 6. e5 Qe7 7. Qe2 Nd5 8. Nd2 a5 9. c4 Nb6 10. Qe4 Na4 11.
Be2 Nc5 12. Qe3 d6 13. Nf3 g6 14. Nd4 Bd7 15. exd6 cxd6 16. O-O Qxe3 17. Bxe3 Bg7 18. Rad1 Ke7 19. Bf3 Rhc8 20. Rfe1 Ne6 21. Bg5+ Kf8 22.
Nxe6+ Bxe6 23. b3 d5 24. cxd5 cxd5 25. Bxd5 Bxd5 26. Rxd5 a4 27. g3 Rcb8 28. Rb1 Rb4 29.
Bd2 Re4 0-1

[Event "*** Titled Tuesday 3|2 Blitz"]
[Site "Chess.com"]
[Date "2016.07.05"]
[Round "3"]
[White "Aragon"]
[Black "evgenyermolaev"]
[Result "0-1"]
[WhiteElo "2089"]
[BlackElo "2252"]
[TimeControl "180+2"]
[EndTime "11:33:57 PDT"]
[Termination "evgenyermolaev won by resignation"]

1. e4 e5 2. d4 exd4 3. c3 dxc3 4. Bc4 Nf6 5. Nxc3 d5 6. exd5 Bd6 7. Nge2 O-O 8. Bg5 Bf5 9. Qd2 Nbd7 10. O-O-O a5 11. Nd4 Bg6 12. f4 h6 13. Bh4 Ne4 14. Bxd8 Nxd2 15.
Rxd2 Raxd8 16. f5 Bh7 17. Rf1 Nb6 18. Bb3 Bxh2 19. g4 a4 20. Bc2 Be5 21. Ndb5 c6 22. dxc6 bxc6 23. Na3 Rxd2 24. Kxd2 Rd8+ 25. Kc1 Bf6 26.
Nxa4 Nxa4 27. Bxa4 c5 28. Nc4 Rd4 29. b3 Rxg4 30.
Bd7 Rg2 31. a4 Ra2 32. Kb1 Ra1+ 33. Kc2 Rxf1 34. a5 Ra1 35. Kd3 g6 36. Ke4 gxf5+ 37. Kd5 f4 38. Kxc5 f3 39. Bc6 f2 40.
Bg2 Bd3 41. b4 Rc1 42. a6 Rxc4+ 43. Kd5 Rxb4 0-1

[Event "*** Titled Tuesday 3|2 Blitz"]
[Site "Chess.com"]
[Date "2016.07.05"]
[Round "3"]
[White "RobertRis"]
[Black "viditchess"]
[Result "0-1"]
[WhiteElo "2422"]
[BlackElo "2517"]
[TimeControl "180+2"]
[EndTime "11:33:58 PDT"]
[Termination "viditchess won by resignation"]

1. Nf3 Nf6 2. g3 g6 3. b3 b6 4.
Bb2 Bg7 5. Bg2 Bb7 6. O-O O-O 7. c4 e6 8. Nc3 Qe7 9. d4 Ne4 10. Qc2 Nxc3 11. Bxc3 c5 12. Rad1 d6 13. Rd2 Nc6 14.
Rfd1 Rad8 15. d5 Bxc3 16. Qxc3 exd5 17. cxd5 Nb8 18. Re1 Nd7 19. e4 f6 20. Bh3 Bc8 21.
Be6+ Kh8 22. Kg2 Qg7 23. Rf1 Ba6 24. Re1 Ne5 25. Ng1 g5 26. h3 Bc8 27. Bxc8 Rxc8 28. f3 f5 29. exf5 Rxf5 30. Re4 Rcf8 31. Rf2 Kg8 32. a4 Qf7 33. f4 Qxd5 34. Qe3 Ng6 35. Ne2 Qf7 36. Kh2 d5 37. Re6 d4 38. Qe4 d3 39.
Nc3 gxf4 40. g4 Rf6 41. Rxf6 Qxf6 42. Qxd3 f3 43. Ne4 Qf4+ 44. Ng3 Ne5 45. Qd5+ Kh8 46. a5 h5 47. axb6 h4 0-1

[Event "*** Titled Tuesday 3|2 Blitz"]
[Site "Chess.com"]
[Date "2016.07.05"]
[Round "3"]
[White "AdamHunt1"]
[Black "Frolyanov_D"]
[Result "0-1"]
[WhiteElo "2374"]
[BlackElo "2455"]
[TimeControl "180+2"]
[EndTime "11:34:01 PDT"]
[Termination "Frolyanov_D won by resignation"]

1. e4 e5 2. Nf3 Nf6 3. d4 Nxe4 4. Bd3 Nc6 5. d5 Nc5 6. dxc6 e4 7. O-O exd3 8. Re1+ Be7 9. cxb7 Bxb7 10. cxd3 Ne6 11. Nc3 O-O 12. Be3 a6 13. d4 Ng5 14. Ne5 d6 15.
Nc4 Rb8 16. d5 h6 17. Ba7 Ra8 18. Bd4 Rb8 19. Na5 Ba8 20. Qe2 Bf6 21. Bxf6 Qxf6 22.
h4 Nh7 23. g3 Qg6 24. b3 Nf6 25. Rad1 Qf5 26. Qd3 Qh3 27. Qf1 Qg4 28. Nc4 Rfe8 29.
Ne3 Qf3 30. Qg2 Qh5 31. Qf1 Re5 32. Qxa6 Rbe8 33. Qc4 Nxd5 34. Ncxd5 Bxd5 35. Qf4 Ba8 36. Rf1 Qe2 37. a4 Rxe3 0-1